[Event "ICC tourney 3140 (40 10)"]
[Site "Internet Chess Club"]
[Date "2023.03.04"]
[Round "1"]
[White "KOEHL, EVAN:MacAndSneeze"]
[Black "Volkov, Sergey:Volkov"]
[Result "0-1"]
[ICCResult "White resigns"]
[WhiteElo "1729"]
[BlackElo "2522"]
[Opening "French: Tarrasch, closed variation"]
[ECO "C05"]
[NIC "FR.16"]
[Time "11:00:19"]
[PlyCount "54"]
[TimeControl "2400+10"]

1. e4 e6 2. d4 d5 3. Nd2 Nf6 4. e5 Nfd7 5. Ngf3 c5 6. c3 Nc6 7. Nb3 c4 8.
Nbd2 b5 9. Be2 b4 10. h4 a5 11. Nf1 a4 12. Ng5 Qa5 13. Bd2 a3 14. Bh5 g6 15.
Qf3 Nd8 16. Rb1 gxh5 17. Ng3 h6 18. Nh3 axb2 19. Rxb2 Qa3 20. Rc2 b3 21.
axb3 cxb3 22. Rc1 Qa2 23. Ke2 Ba6+ 24. Ke3 Nb6 25. Qxh5 Nc4+ 26. Kf3 Nxd2+
27. Kf4 b2 {White resigns} 0-1

[Event "ICC tourney 3140 (40 10)"]
[Site "Internet Chess Club"]
[Date "2023.03.04"]
[Round "1"]
[White "Fawzy, Adham:domti"]
[Black "OPASKA, MICHAEL:mopaska1106"]
[Result "1-0"]
[ICCResult "Black resigns"]
[WhiteElo "2544"]
[BlackElo "1838"]
[Opening "Caro-Kann: Panov-Botvinnik attack"]
[ECO "B13"]
[NIC "CK.03"]
[Time "11:00:27"]
[PlyCount "45"]
[TimeControl "2400+10"]

1. e4 c6 2. d4 d5 3. exd5 cxd5 4. c4 Nf6 5. Nc3 Nc6 6. Bg5 h6 7. Bxf6 exf6
8. cxd5 Nb4 9. a3 Nxd5 10. Bb5+ Bd7 11. Qe2+ Ne7 12. Ne4 Bxb5 13. Qxb5+ Nc6
14. d5 Qa5+ 15. Nc3 Qxb5 16. Nxb5 Ne5 17. Nc7+ Kd7 18. Nxa8 Bc5 19. Nh3 Nd3+
20. Ke2 Nxb2 21. Rhb1 Bd4 22. Ra2 Re8+ 23. Kd2 {Black resigns} 1-0

[Event "ICC tourney 3140 (40 10)"]
[Site "Internet Chess Club"]
[Date "2023.03.04"]
[Round "1"]
[White "KONA, VIDIP KUMAR:Vidipkona"]
[Black "Segich, Joseph:Kalimer123"]
[Result "1-0"]
[ICCResult "Black resigns"]
[WhiteElo "1874"]
[BlackElo "1423"]
[Opening "Old Indian: Tartakower (Wade) variation"]
[ECO "A04"]
[NIC "QP.11"]
[Time "11:00:22"]
[PlyCount "115"]
[TimeControl "2400+10"]

1. Nf3 d6 2. d4 Bg4 3. c4 Bxf3 4. gxf3 e5 5. dxe5 dxe5 6. Qb3 Qc8 7. Nc3 Nf6
8. e3 Na6 9. Bd2 Nc5 10. Qc2 g6 11. O-O-O Qf5 12. Qxf5 gxf5 13. Kc2 O-O-O
14. Bh3 Kb8 15. Bxf5 h5 16. Bc1 Bh6 17. Nd5 Nxd5 18. cxd5 Rhg8 19. b4 Rg5
20. e4 Rxf5 21. exf5 Bxc1 22. Kxc1 Na4 23. Rhg1 Nc3 24. Rd2 b6 25. Rg5 Rd6
26. Rxh5 Nxd5 27. a3 c6 28. Rh8+ Kc7 29. Re8 Rh6 30. Rxe5 Rxh2 31. f6 Rh6
32. b5 Rxf6 33. bxc6 Rxc6+ 34. Kb2 Nc3 35. Re7+ Kc8 36. Rxa7 f6 37. Rc2 Nd1+
38. Kb3 Rxc2 39. Kxc2 Nxf2 40. Rf7 Nh3 41. Rxf6 Kb7 42. Kd3 Ka6 43. f4 Nf2+
44. Ke2 Ne4 45. Re6 Nc5 46. Re3 Kb5 47. f5 Nd7 48. Kf3 Kc5 49. Kf4 Nf6 50.
Kg5 Nd7 51. f6 b5 52. f7 Nf8 53. Re8 Nh7+ 54. Kg6 Nf8+ 55. Rxf8 Kc4 56. Rb8
Kb3 57. Rxb5+ Kxa3 58. f8=Q+ {Black resigns} 1-0

[Event "ICC tourney 3140 (40 10)"]
[Site "Internet Chess Club"]
[Date "2023.03.04"]
[Round "1"]
[White "Bear, Nicholas D:handsomepuma"]
[Black "MARKOVIC, GORAN:Goran21"]
[Result "1-0"]
[ICCResult "Black resigns"]
[WhiteElo "1536"]
[BlackElo "1930"]
[Opening "Queen's pawn: London system"]
[ECO "A45"]
[NIC "QP.07"]
[Time "11:01:00"]
[PlyCount "125"]
[TimeControl "2400+10"]

1. d4 Nf6 2. Bf4 d5 3. e3 Bf5 4. c4 e6 5. Nc3 Nc6 6. a3 a6 7. Nf3 Be7 8. h3
O-O 9. Be2 h6 10. O-O Rc8 11. Ne5 Nxe5 12. Bxe5 dxc4 13. Bxc4 c5 14. Be2 c4
15. Bf3 Qd7 16. Qa4 Rfd8 17. Qxd7 Rxd7 18. Na4 Rf8 19. Nb6 Rdd8 20. Bc7 Rde8
21. Bxb7 Rb8 22. Bxa6 Bd3 23. Rfd1 Nd5 24. Bxb8 Rxb8 25. Nxc4 Bg6 26. Rd2
Nc7 27. Ne5 Nxa6 28. Nxg6 fxg6 29. Rc2 Rb3 30. Ra2 Bf6 31. Rc6 Nb8 32. Rc7
g5 33. a4 Na6 34. Rc3 Rb7 35. b3 e5 36. Rd2 exd4 37. exd4 Nb4 38. Rc4 Be7
39. d5 Bd6 40. g3 Kf7 41. Re4 Rd7 42. Rdd4 Na6 43. Kf1 Rb7 44. Re6 Rd7 45.
Rc4 Nb8 46. Rc8 Bc7 47. Re4 Na6 48. Rc4 Bd6 49. R8c6 Nb8 50. Rb6 Rd8 51. a5
Rd7 52. a6 Nxa6 53. Rxa6 Kf6 54. Rcc6 Ke5 55. Rxd6 Rxd6 56. Rxd6 Kxd6 57.
Ke2 Kxd5 58. Kd3 g4 59. hxg4 Kc5 60. Kc3 g5 61. f4 h5 62. gxh5 gxf4 63. gxf4
{Black resigns}
1-0

[Event "ICC tourney 3140 (40 10)"]
[Site "Internet Chess Club"]
[Date "2023.03.04"]
[Round "1"]
[White "SHERNOFF, LEON:LeonShernoff"]
[Black "ZHAO, DANSON:K01-30127679"]
[Result "1-0"]
[ICCResult "Black resigns"]
[WhiteElo "1905"]
[BlackElo "1502"]
[Opening "English: symmetrical variation"]
[ECO "A38"]
[NIC "EO.26"]
[Time "11:01:10"]
[PlyCount "79"]
[TimeControl "2400+10"]

1. c4 c5 2. g3 g6 3. Bg2 Bg7 4. Nf3 Nf6 5. Nc3 Nc6 6. d4 cxd4 7. Nxd4 O-O 8.
O-O e5 9. Ndb5 Ne8 10. Nd5 a6 11. Nbc3 f5 12. Be3 d6 13. Qd2 Be6 14. Rad1 e4
15. Bg5 Qc8 16. Nb6 Qb8 17. Nxa8 Qxa8 18. Nd5 Ne5 19. b3 b5 20. cxb5 axb5
21. f3 exf3 22. exf3 Qb8 23. Bh6 Bxh6 24. Qxh6 Bxd5 25. Rxd5 Qa7+ 26. Kh1
Qxa2 27. Rxb5 Qa6 28. Rd5 Nf6 29. Rdd1 Rb8 30. Qd2 Rxb3 31. Qxd6 Qxd6 32.
Rxd6 Kf7 33. f4 Nc4 34. Rc6 Ne3 35. Rfc1 Rb2 36. Bf3 Rf2 37. Rc7+ Kg8 38.
Re7 Rf1+ 39. Rxf1 Nxf1 40. Re2 {Black resigns} 1-0

[Event "ICC tourney 3140 (40 10)"]
[Site "Internet Chess Club"]
[Date "2023.03.04"]
[Round "1"]
[White "JAGAN, AASHISH:aashishjagan"]
[Black "HE, DANIEL:BroughtUpBishop"]
[Result "0-1"]
[ICCResult "White resigns"]
[WhiteElo "1423"]
[BlackElo "1905"]
[Opening "Sicilian: Pelikan (Lasker/Sveshnikov) variation"]
[ECO "B33"]
[NIC "SI.35"]
[Time "11:05:45"]
[PlyCount "56"]
[TimeControl "2400+10"]

1. e4 c5 2. Nf3 Nc6 3. d4 cxd4 4. Nxd4 Nf6 5. Nc3 e5 6. Ndb5 d6 7. a4 a6 8.
Na3 Be7 9. Be2 O-O 10. O-O Nd4 11. Bc4 Bd7 12. Be3 Nc6 13. Bb3 Be6 14. Bd5
Bxd5 15. Nxd5 Nxe4 16. Bb6 Qd7 17. Be3 Rab8 18. Nb6 Qe6 19. c3 f5 20. f3 Nf6
21. b4 f4 22. Bf2 d5 23. b5 Na5 24. Re1 Bd8 25. Qd4 Nb3 26. Rxe5 Nxd4 27.
Bxd4 Qd6 28. c4 Bxb6 {White resigns} 0-1

[Event "ICC tourney 3140 (40 10)"]
[Site "Internet Chess Club"]
[Date "2023.03.04"]
[Round "1"]
[White "QI, JENNY:eevee11"]
[Black "QUIRKE, JEFFREY L:PawnEatingZombi"]
[Result "0-1"]
[ICCResult "White checkmated"]
[WhiteElo "1630"]
[BlackElo "2040"]
[Opening "Ruy Lopez: Taimanov (chase/wing/accelerated counterthrust) variation"]
[ECO "C70"]
[NIC "RL.09"]
[Time "11:00:26"]
[PlyCount "76"]
[TimeControl "2400+10"]

1. e4 e5 2. Nf3 Nc6 3. Bb5 a6 4. Ba4 b5 5. Bb3 Na5 6. Nxe5 Nxb3 7. axb3 Qg5
8. d4 Qxg2 9. Qf3 Qxf3 10. Nxf3 Bb7 11. Nbd2 f5 12. e5 g5 13. O-O h6 14. c4
Ne7 15. d5 Bg7 16. Re1 c6 17. d6 Ng6 18. e6 dxe6 19. Rxe6+ Kf7 20. Re1 c5
21. h4 Bf6 22. h5 Nf4 23. Ne5+ Bxe5 24. Rxe5 Rhe8 25. Rxe8 Rxe8 26. f3 Re1+
27. Kh2 b4 28. Ra5 Nd3 29. Ra1 Nxc1 30. Kh3 Ke6 31. Rb1 Kxd6 32. Ra1 Rd1 33.
Rb1 Rxd2 34. Rxc1 Bxf3 35. Kg3 Be4 36. Kh3 Ke5 37. Kg3 f4+ 38. Kh3 Bf5#
{White checkmated}
0-1

[Event "ICC tourney 3140 (40 10)"]
[Site "Internet Chess Club"]
[Date "2023.03.04"]
[Round "1"]
[White "POLYAKIN, VLADIMIR:IAlwaysWin"]
[Black "Mitrabha, Guha:babysnake"]
[Result "0-1"]
[ICCResult "White forfeits on time"]
[WhiteElo "1840"]
[BlackElo "2560"]
[Opening "English: ultra-symmetrical variation"]
[ECO "A36"]
[NIC "EO.31"]
[Time "11:00:33"]
[PlyCount "92"]
[TimeControl "2400+10"]

1. c4 c5 2. g3 Nc6 3. Bg2 g6 4. Nc3 Bg7 5. d3 e6 6. a3 Nge7 7. e4 a6 8. Nge2
Rb8 9. Be3 Nd4 10. Rb1 b5 11. cxb5 axb5 12. b4 d6 13. O-O Bd7 14. Qd2 O-O
15. f4 Bc6 16. h3 Qd7 17. Rfc1 Ra8 18. Qa2 Qa7 19. bxc5 dxc5 20. Bxd4 cxd4
21. Nxb5 Qa5 22. Nd6 Qxa3 23. Qxa3 Rxa3 24. Rd1 Rfa8 25. Rb4 Ba4 26. Rd2 Bf8
27. e5 Ra6 28. Nxd4 Nc8 29. Bb7 Ra1+ 30. Kf2 Nxd6 31. Bxa6 Ne4+ 32. dxe4
Bxb4 33. Rb2 Bc5 34. Rd2 Bc6 35. Be2 Bxe4 36. Bf3 Bb1 37. Kg2 Ba2 38. Nb5
Bc4 39. Nd6 Bf1+ 40. Kh2 Be3 41. Rb2 Ba7 42. Rb7 Ra2+ 43. Kh1 Bxh3 44. Nxf7
Bc5 45. Nh6+ Kf8 46. Bg4 Bg2+ {White forfeits on time} 0-1

[Event "ICC tourney 3140 (40 10)"]
[Site "Internet Chess Club"]
[Date "2023.03.04"]
[Round "1"]
[White "YAN, RUIYANG:jy2020"]
[Black "Feng, Jay:TheDeadlyPawn"]
[Result "1-0"]
[ICCResult "Black checkmated"]
[WhiteElo "2195"]
[BlackElo "1647"]
[Opening "Caro-Kann: two knights, 3...Bg4"]
[ECO "B10"]
[NIC "CK.01"]
[Time "11:00:17"]
[PlyCount "93"]
[TimeControl "2400+10"]

1. e4 c6 2. Nf3 d5 3. Nc3 Bg4 4. h3 Bxf3 5. Qxf3 e6 6. Be2 g6 7. O-O Bg7 8.
d3 Ne7 9. Qg3 O-O 10. f4 Nd7 11. Kh1 Nc5 12. e5 f6 13. d4 Nd7 14. Qd3 fxe5
15. dxe5 Nf5 16. Bg4 Nc5 17. Qf3 Qh4 18. Bxf5 gxf5 19. Be3 Qe7 20. Qf2 Nd7
21. Ne2 c5 22. c3 b6 23. Ng1 Rad8 24. Nf3 Nb8 25. g4 Nc6 26. Rg1 Kh8 27. Rg2
Bh6 28. g5 Bg7 29. h4 Qe8 30. h5 Rg8 31. Rag1 Ne7 32. Nh4 Qxh5 33. Rh2 Qf7
34. g6 Qe8 35. gxh7 Rf8 36. Qg2 Rf7 37. Nf3 Nc6 38. Bf2 Rdd7 39. Bh4 Rc7 40.
Bf6 Qf8 41. Ng5 Rxf6 42. exf6 Qxf6 43. Nf3 Ne7 44. Ne5 Qf8 45. Qxg7+ Qxg7
46. Rxg7 Kxg7 47. h8=Q# {Black checkmated} 1-0

[Event "ICC tourney 3140 (40 10)"]
[Site "Internet Chess Club"]
[Date "2023.03.04"]
[Round "1"]
[White "HEBDEN, MARK L:mhebden"]
[Black "Li, Alex:AlexLi31415"]
[Result "1-0"]
[ICCResult "Black checkmated"]
[WhiteElo "2521"]
[BlackElo "1686"]
[Opening "King's Indian: Semi-Averbakh system"]
[ECO "E73"]
[NIC "KI.27"]
[Time "11:00:16"]
[PlyCount "83"]
[TimeControl "2400+10"]

1. d4 Nf6 2. c4 g6 3. Nc3 Bg7 4. e4 d6 5. Be2 O-O 6. Be3 Nbd7 7. h4 h5 8.
Nh3 c5 9. dxc5 Nxc5 10. Ng5 b6 11. f3 Bb7 12. Qd2 Qd7 13. Rc1 a5 14. O-O a4
15. Rfd1 Rfd8 16. Bf1 Ne8 17. Nh3 Nc7 18. Bd4 Bxd4+ 19. Qxd4 N7a6 20. Qe3
Qe8 21. Rd2 Bc8 22. Nf4 Nc7 23. Rcd1 Bb7 24. g3 Kh7 25. Bh3 Bc8 26. Bxc8
Rdxc8 27. e5 dxe5 28. Qxe5 N7e6 29. Ncd5 Rab8 30. Qe3 Nxf4 31. Qxf4 Ne6 32.
Qe4 Kg8 33. g4 hxg4 34. fxg4 Rc5 35. h5 Ng5 36. Qe3 f6 37. Nxe7+ Kg7 38. Rd7
Nf7 39. hxg6 Ne5 40. Nf5+ Kg8 41. Nh6+ Kh8 42. Rh7# {Black checkmated} 1-0

[Event "ICC tourney 3140 (40 10)"]
[Site "Internet Chess Club"]
[Date "2023.03.04"]
[Round "1"]
[White "CHINNI, RISHABH:alphachesplayer"]
[Black "IVANOV, ALEXANDER:marble"]
[Result "0-1"]
[ICCResult "White checkmated"]
[WhiteElo "1650"]
[BlackElo "2340"]
[Opening "Robatsch defense"]
[ECO "B06"]
[NIC "KF.05"]
[Time "11:00:15"]
[PlyCount "118"]
[TimeControl "2400+10"]

1. e4 g6 2. d4 Bg7 3. Nc3 c6 4. Be3 Qb6 5. Na4 Qa5+ 6. c3 d6 7. b4 Qc7 8.
Qd2 Nf6 9. f3 b5 10. Nb2 a5 11. Bd3 axb4 12. cxb4 Ra3 13. Ne2 O-O 14. O-O
Qb7 15. Nc3 Nbd7 16. Nb1 Ra8 17. Nc3 e5 18. d5 cxd5 19. exd5 Nb6 20. Nxb5
Nbxd5 21. a3 Nxe3 22. Qxe3 d5 23. Rac1 Bd7 24. a4 e4 25. fxe4 dxe4 26. Bc4
Ng4 27. Qe2 Ne5 28. Bb3 Kh8 29. Rc5 f5 30. Rfc1 Bxb5 31. Rxb5 Qa7+ 32. Kh1
Ng4 33. Nd1 Rad8 34. h3 Ne5 35. a5 Nd3 36. Rc4 Qd7 37. Rb6 Ne5 38. Rc5 Qd4
39. a6 Nd7 40. Rbb5 Nxc5 41. bxc5 Ra8 42. Ra5 Qb4 43. Rb5 Qa3 44. c6 Qxa6
45. c7 Rac8 46. Bc4 Rxc7 47. Ne3 Qa1+ 48. Kh2 Qd4 49. Rd5 Qb2 50. Rd2 Qe5+
51. Kh1 f4 52. Ng4 Qe7 53. Bd5 Rc1+ 54. Kh2 h5 55. Nf2 e3 56. Ra2 exf2 57.
Qxe7 f1=N+ 58. Kg1 Ng3+ 59. Kf2 Rf1# {White checkmated} 0-1

[Event "ICC tourney 3140 (40 10)"]
[Site "Internet Chess Club"]
[Date "2023.03.04"]
[Round "1"]
[White "REDDY, SUSHRUTA:sushruthareddy"]
[Black "JIN, JERRY:MysteryHunter"]
[Result "1-0"]
[ICCResult "Black checkmated"]
[WhiteElo "2007"]
[BlackElo "1595"]
[Opening "Sicilian: Najdorf, 7.f4"]
[ECO "B96"]
[NIC "SI.05"]
[Time "11:01:10"]
[PlyCount "169"]
[TimeControl "2400+10"]

1. e4 c5 2. Nf3 d6 3. d4 cxd4 4. Nxd4 Nf6 5. Nc3 a6 6. Bg5 e6 7. f4 Qc7 8.
Qf3 b5 9. Bxf6 gxf6 10. O-O-O Nd7 11. e5 Bb7 12. Qh5 Nc5 13. f5 fxe5 14.
Nxe6 Nxe6 15. fxe6 Rc8 16. exf7+ Qxf7 17. Qh3 Qd7 18. Qh5+ Qf7 19. Qh3 Qd7
20. Qg3 b4 21. Nd5 Bxd5 22. Rxd5 Qc6 23. Qb3 Bh6+ 24. Kb1 Ke7 25. Bd3 Rc7
26. Re1 Qb6 27. a3 Rb8 28. a4 a5 29. Bxh7 Rc5 30. Bf5 Bg7 31. Qg3 Bf6 32.
Rd3 Qc7 33. Rf3 Qc6 34. Qg6 Qe8 35. Ref1 Qxg6 36. Bxg6 Rf8 37. h4 Rcc8 38.
h5 Bg5 39. Bf5 Rb8 40. g4 d5 41. Rd3 Rbd8 42. Rfd1 d4 43. Re1 Kf6 44. Ka2
Rd6 45. Kb3 Rc6 46. Rf3 Bf4 47. Ref1 Kg5 48. Rh1 Rh8 49. Rfh3 Rhh6 50. Re1
Rc7 51. Rhh1 Rcc6 52. Rhg1 Rc7 53. Bd3 Rc8 54. Bb5 Rc7 55. Bd3 Rc8 56. Bg6
Rc7 57. Rd1 Rc8 58. Rd3 Rhh8 59. Bf5 Rc7 60. Rf1 Rh6 61. Rdf3 Rh8 62. c3
bxc3 63. bxc3 dxc3 64. Rxc3 Rb8+ 65. Kc2 Rxc3+ 66. Kxc3 Rb4 67. Rh1 Kh6 68.
Bd7 Rb7 69. Rd1 Rc7+ 70. Kb3 Rb7+ 71. Kc4 Rb4+ 72. Kc5 Be3+ 73. Kc6 Rxa4 74.
Rd6+ Kg7 75. Rg6+ Kf8 76. Be6 Ra1 77. Kd6 Rd1+ 78. Bd5 Rxd5+ 79. Kxd5 Bd4
80. g5 a4 81. h6 Bb2 82. Ke4 Kf7 83. Ra6 a3 84. g6+ Kg8 85. Ra8#
{Black checkmated}
1-0

[Event "ICC tourney 3140 (40 10)"]
[Site "Internet Chess Club"]
[Date "2023.03.04"]
[Round "2"]
[White "Volkov, Sergey:Volkov"]
[Black "SHERNOFF, LEON:LeonShernoff"]
[Result "1-0"]
[ICCResult "Black resigns"]
[WhiteElo "2522"]
[BlackElo "1905"]
[Opening "QGD Slav defense"]
[ECO "D10"]
[NIC "SL.01"]
[Time "13:15:22"]
[PlyCount "23"]
[TimeControl "2400+10"]

1. d4 d5 2. c4 c6 3. e3 Nf6 4. Nc3 a6 5. Nf3 Bg4 6. Qb3 b5 7. cxd5 Bxf3 8.
gxf3 cxd5 9. a4 bxa4 10. Qb7 Nbd7 11. Nxd5 Rb8 12. Nc7+ {Black resigns} 1-0

[Event "ICC tourney 3140 (40 10)"]
[Site "Internet Chess Club"]
[Date "2023.03.04"]
[Round "2"]
[White "Mitrabha, Guha:babysnake"]
[Black "REDDY, SUSHRUTA:sushruthareddy"]
[Result "1-0"]
[ICCResult "Black resigns"]
[WhiteElo "2560"]
[BlackElo "2007"]
[Opening "Queen's pawn game, Krause variation"]
[ECO "D02"]
[NIC "QP.08"]
[Time "13:20:40"]
[PlyCount "61"]
[TimeControl "2400+10"]

1. d4 d5 2. Nf3 c5 3. dxc5 Nc6 4. c4 e6 5. cxd5 exd5 6. Nc3 Nf6 7. Bg5 Be6
8. e3 Bxc5 9. Bb5 O-O 10. O-O Rc8 11. Rc1 a6 12. Bxc6 Rxc6 13. Nd4 Bxd4 14.
Qxd4 Rc4 15. Bxf6 Qxf6 16. Qxf6 gxf6 17. Ne2 Rfc8 18. Rc3 b5 19. Ra3 Rc2 20.
Nd4 Rxb2 21. Rxa6 Kg7 22. Ra7 Kg6 23. h3 Rc4 24. f4 f5 25. Rf3 Ra4 26. Rb7
Raxa2 27. Rg3+ Kf6 28. Kh2 Ra1 29. Rg8 Re1 30. Nf3 Rxe3 31. Ng5 {Black
resigns} 1-0

[Event "ICC tourney 3140 (40 10)"]
[Site "Internet Chess Club"]
[Date "2023.03.04"]
[Round "2"]
[White "Bear, Nicholas D:handsomepuma"]
[Black "YAN, RUIYANG:jy2020"]
[Result "0-1"]
[ICCResult "White checkmated"]
[WhiteElo "1536"]
[BlackElo "2195"]
[Opening "Queen's pawn, Mason variation"]
[ECO "D00"]
[NIC "QP.08"]
[Time "13:15:22"]
[PlyCount "150"]
[TimeControl "2400+10"]

1. d4 d5 2. Bf4 Nf6 3. e3 e6 4. Nd2 Bd6 5. Bg3 O-O 6. Ngf3 c5 7. c3 b6 8.
Bd3 Bb7 9. Qe2 Ne4 10. Ne5 f6 11. Nef3 Qe7 12. Bc2 Nd7 13. Nxe4 dxe4 14. Nd2
f5 15. Nc4 Bxg3 16. hxg3 Ba6 17. Bb3 Rac8 18. Qd2 cxd4 19. Qxd4 Nc5 20. Ne5
Rfd8 21. Qb4 Qf6 22. Bc2 Qxe5 23. a4 Qd6 24. Qd4 Qc7 25. Qb4 Rd6 26. Rd1 Bd3
27. Kd2 Rcd8 28. Kc1 Bxc2 29. Kxc2 Nd3 30. Qa3 Nxf2 31. Rxd6 Qxd6 32. Qxd6
Rxd6 33. Rf1 Ng4 34. Re1 Rd3 35. b4 Nxe3+ 36. Kb3 Nd5 37. Rc1 e3 38. Kc4 Rd2
39. Re1 e2 40. b5 Ne3+ 41. Kb3 Nxg2 42. Ra1 e1=Q 43. Rxe1 Nxe1 44. Ka3 Rd8
45. c4 Nd3 46. c5 Nxc5 47. a5 bxa5 48. b6 axb6 49. g4 fxg4 50. Ka2 g3 51.
Ka1 g2 52. Ka2 g1=B 53. Ka3 h5 54. Ka2 h4 55. Ka1 h3 56. Ka2 h2 57. Ka3 h1=B
58. Ka2 Bb7 59. Ka1 Ra8 60. Ka2 Bc8 61. Ka1 g5 62. Ka2 g4 63. Ka1 Be3 64.
Ka2 g3 65. Ka1 Bh6 66. Ka2 Bf8 67. Ka1 Kf7 68. Ka2 Ke8 69. Ka1 g2 70. Ka2
g1=R 71. Ka3 Rg3+ 72. Ka2 Ra7 73. Ka1 Rh7 74. Ka2 Rh2+ 75. Ka1 Rg1#
{White checkmated}
0-1

[Event "ICC tourney 3140 (40 10)"]
[Site "Internet Chess Club"]
[Date "2023.03.04"]
[Round "2"]
[White "OPASKA, MICHAEL:mopaska1106"]
[Black "QI, JENNY:eevee11"]
[Result "0-1"]
[ICCResult "White resigns"]
[WhiteElo "1838"]
[BlackElo "1630"]
[Opening "Grünfeld: modern exchange variation"]
[ECO "D85"]
[NIC "GI.04"]
[Time "13:15:24"]
[PlyCount "52"]
[TimeControl "2400+10"]

1. d4 Nf6 2. c4 g6 3. Nc3 d5 4. cxd5 Nxd5 5. e4 Nxc3 6. bxc3 Bg7 7. Nf3 c5
8. Be3 Qa5 9. Qd2 Nc6 10. Rb1 a6 11. Rc1 cxd4 12. cxd4 Qxd2+ 13. Kxd2 O-O
14. d5 Ne5 15. Nxe5 Bxe5 16. f4 Bg7 17. Bc5 Re8 18. Be2 e6 19. Bf3 Bh6 20.
g3 exd5 21. exd5 Bf5 22. Rhe1 Rxe1 23. Rxe1 Rc8 24. Bb4 Bf8 25. d6 Rd8 26.
Bxb7 Rb8 {White resigns} 0-1

[Event "ICC tourney 3140 (40 10)"]
[Site "Internet Chess Club"]
[Date "2023.03.04"]
[Round "2"]
[White "Li, Alex:AlexLi31415"]
[Black "JAGAN, AASHISH:aashishjagan"]
[Result "1-0"]
[ICCResult "Black checkmated"]
[WhiteElo "1686"]
[BlackElo "1423"]
[Opening "Sicilian: Kan, 5.Bd3"]
[ECO "B42"]
[NIC "SI.42"]
[Time "13:15:21"]
[PlyCount "89"]
[TimeControl "2400+10"]

1. e4 c5 2. Nf3 e6 3. d4 cxd4 4. Nxd4 a6 5. Bd3 Qc7 6. c3 Nc6 7. Be3 Nf6 8.
O-O e5 9. Nf3 d5 10. Nbd2 Bd6 11. h3 O-O 12. Bg5 dxe4 13. Nxe4 Nxe4 14. Bxe4
h6 15. Be3 Be6 16. Bd5 Rad8 17. Bxe6 fxe6 18. Qb3 Rf6 19. Bb6 Qf7 20. Bxd8
Nxd8 21. Qd1 Qf8 22. Qe2 Nc6 23. Rad1 Rf4 24. Rfe1 g5 25. Qd3 Bc5 26. Qg6+
Kh8 27. Qxe6 g4 28. hxg4 Qg7 29. Rd7 Rf6 30. Rxg7 Rxe6 31. Rxb7 e4 32. Nd4
Nxd4 33. cxd4 Bxd4 34. Rb4 a5 35. Rxd4 a4 36. Rdxe4 a3 37. Rxe6 axb2 38. Rb6
h5 39. Rxb2 Kg7 40. Rb6 Kf7 41. Rc1 Ke7 42. Rc7+ Kd8 43. Rh7 Kc8 44. Rg6 Kb8
45. Rg8# {Black checkmated} 1-0

[Event "ICC tourney 3140 (40 10)"]
[Site "Internet Chess Club"]
[Date "2023.03.04"]
[Round "2"]
[White "MARKOVIC, GORAN:Goran21"]
[Black "YUAN, SERENA:doudou2011"]
[Result "1-0"]
[ICCResult "Black resigns"]
[WhiteElo "1930"]
[BlackElo "1639"]
[Opening "Sicilian: Nimzovich-Rossolimo attack (without ...d6)"]
[ECO "B30"]
[NIC "SI.31"]
[Time "13:15:22"]
[PlyCount "149"]
[TimeControl "2400+10"]

1. e4 c5 2. Nf3 Nc6 3. Bb5 Nf6 4. Nc3 Qc7 5. Bxc6 dxc6 6. h3 g6 7. O-O Bg7
8. d3 O-O 9. a4 Nd7 10. Be3 b6 11. Nd2 Bd4 12. Bh6 Bg7 13. Bxg7 Kxg7 14. f4
Nf6 15. Nc4 Be6 16. b3 Bxc4 17. bxc4 Rad8 18. e5 Nd7 19. Ne4 h6 20. Qe1 f5
21. Nd2 Rh8 22. Qg3 Nf8 23. Nf3 Qd7 24. Rae1 Rg8 25. Kh1 Ne6 26. Re2 Kh7 27.
Qh4 Rdf8 28. Ref2 Rh8 29. Kh2 Kg7 30. Qg3 Kh7 31. c3 Rfg8 32. Rd2 g5 33.
fxg5 Nxg5 34. Nxg5+ Rxg5 35. Qf4 Rhg8 36. Rf3 e6 37. d4 cxd4 38. cxd4 Qg7
39. Rff2 Rg3 40. Qh4 Rc3 41. Rc2 Qg3+ 42. Qxg3 Rgxg3 43. d5 cxd5 44. cxd5
exd5 45. Rxc3 Rxc3 46. Rxf5 Kg6 47. Rf6+ Kg7 48. Rd6 Rc7 49. Rxd5 Re7 50. a5
bxa5 51. Rxa5 Kf7 52. Kg3 Kg6 53. Kf4 Rb7 54. Ra6+ Kg7 55. Kf5 Rf7+ 56. Ke6
Rb7 57. Kd5 Rb5+ 58. Kd6 Rb7 59. e6 Kf6 60. g4 Re7 61. Kd5 Rg7 62. Ra3 h5
63. Kd6 hxg4 64. hxg4 Rxg4 65. Rf3+ Kg7 66. e7 Rd4+ 67. Ke6 Re4+ 68. Kd7
Rd4+ 69. Ke8 a5 70. Rg3+ Kf6 71. Kf8 Rh4 72. Rf3+ Kg5 73. e8=Q Rh8+ 74. Ke7
Rxe8+ 75. Kxe8 {Black resigns} 1-0

[Event "ICC tourney 3140 (40 10)"]
[Site "Internet Chess Club"]
[Date "2023.03.04"]
[Round "2"]
[White "ZHAO, DANSON:K01-30127679"]
[Black "CHINNI, RISHABH:alphachesplayer"]
[Result "1-0"]
[ICCResult "Black resigns"]
[WhiteElo "1502"]
[BlackElo "1650"]
[Opening "Giuoco Pianissimo: Italian four knights variation"]
[ECO "C50"]
[NIC "IG.02"]
[Time "13:16:04"]
[PlyCount "175"]
[TimeControl "2400+10"]

1. e4 e5 2. Nf3 Nc6 3. Bc4 Bc5 4. Nc3 Nf6 5. d3 h6 6. h3 d6 7. Be3 Bxe3 8.
fxe3 Na5 9. Bb3 Nxb3 10. axb3 O-O 11. O-O Re8 12. Qe1 c6 13. Rd1 Qe7 14. Qg3
d5 15. exd5 cxd5 16. e4 d4 17. Ne2 Bd7 18. Nh4 Rac8 19. Rc1 Kh7 20. Nf5 Bxf5
21. Rxf5 Rc6 22. Qf2 Rec8 23. Ng3 Qc7 24. Qf3 Qd6 25. Qe2 Qc7 26. Qf3 Qe7
27. Qe2 Nd7 28. Rf2 Nc5 29. Nf5 Qf8 30. Ng3 Nxb3 31. Rcf1 Rxc2 32. Qxc2 Rxc2
33. Rxc2 f6 34. Rc7 Na5 35. Nf5 Kh8 36. Rxg7 Nb3 37. Rg3 Nc5 38. Nh4 Kh7 39.
Rgf3 Nd7 40. Nf5 Nc5 41. Ng3 Nd7 42. Nh5 Kg6 43. Rg3+ Kf7 44. Rc1 Ke6 45.
Ng7+ Kd6 46. Nf5+ Ke6 47. Rg7 Qd8 48. Rc7 b5 49. Rxa7 h5 50. Raxd7 Qxd7 51.
Rxd7 Kxd7 52. Kf2 Ke6 53. b4 Kf7 54. Nd6+ Kg6 55. Nxb5 f5 56. exf5+ Kxf5 57.
Kf3 h4 58. Nxd4+ exd4 59. b5 Ke5 60. b6 Kd6 61. Ke4 Kc6 62. Kxd4 Kxb6 63.
Ke5 Kc6 64. d4 Kd7 65. d5 Ke7 66. d6+ Kd7 67. Kd5 Kd8 68. Ke6 Ke8 69. d7+
Kd8 70. Kf6 Kxd7 71. Kg5 Ke7 72. Kxh4 Kf7 73. g4 Kg6 74. Kg3 Kg5 75. h4+ Kg6
76. g5 Kh5 77. Kh3 Kg6 78. Kg4 Kg7 79. h5 Kh7 80. g6+ Kh6 81. Kh4 Kg7 82.
Kg5 Kg8 83. h6 Kh8 84. Kf6 Kg8 85. h7+ Kh8 86. g7+ Kxh7 87. Kf7 Kh6 88. g8=Q
{Black resigns}
1-0

[Event "ICC tourney 3140 (40 10)"]
[Site "Internet Chess Club"]
[Date "2023.03.04"]
[Round "2"]
[White "IVANOV, ALEXANDER:marble"]
[Black "KONA, VIDIP KUMAR:Vidipkona"]
[Result "1-0"]
[ICCResult "Black checkmated"]
[WhiteElo "2340"]
[BlackElo "1874"]
[Opening "Caro-Kann: advance variation"]
[ECO "B12"]
[NIC "CK.04"]
[Time "13:15:27"]
[PlyCount "163"]
[TimeControl "2400+10"]

1. e4 c6 2. d4 d5 3. e5 Bf5 4. h4 h5 5. c4 e6 6. Nc3 dxc4 7. Bxc4 Nd7 8. Bg5
Qc7 9. Nge2 Nb6 10. Bb3 Ne7 11. O-O Nbd5 12. Nxd5 Nxd5 13. Bxd5 exd5 14. Ng3
Bg4 15. f3 Be6 16. f4 Bg4 17. Qd2 Be7 18. f5 O-O-O 19. Bxe7 Qxe7 20. f6 gxf6
21. Rxf6 Rdg8 22. Raf1 Rg7 23. Qf4 Qb4 24. Rf2 Be6 25. Nf5 Rg4 26. Qd2 Qxd2
27. Nd6+ Kc7 28. Rxd2 Rh7 29. b4 Rxh4 30. b5 c5 31. dxc5 Rb4 32. Rdf2 Kd7
33. Nxf7 Rxb5 34. Ng5 Re7 35. Rc2 Rb4 36. Rh6 Rc4 37. Rb2 b6 38. cxb6 axb6
39. Rxb6 Bg8 40. Rb8 Rc8 41. Rd6+ Kc7 42. Rxc8+ Kxc8 43. e6 Re8 44. Rxd5
Bxe6 45. Nxe6 Rxe6 46. Rxh5 Ra6 47. Rd5 Rxa2 48. Kh2 Kc7 49. Kh3 Ra8 50. g4
Rh8+ 51. Kg3 Rg8 52. Kf4 Rf8+ 53. Ke5 Rg8 54. Kf5 Rf8+ 55. Ke6 Kc6 56. Rf5
Re8+ 57. Kf7 Re1 58. g5 Kd6 59. g6 Re7+ 60. Kf8 Ra7 61. g7 Ke6 62. g8=Q+
Kxf5 63. Qd5+ Kg6 64. Qd3+ Kh5 65. Qe2+ Kg6 66. Qg4+ Kh6 67. Qh4+ Kg6 68.
Qg3+ Kh7 69. Qh2+ Kg6 70. Qg1+ Kf5 71. Qxa7 Ke4 72. Ke7 Kd5 73. Qa5+ Kc4 74.
Kd6 Kd4 75. Qa4+ Kd3 76. Kd5 Ke2 77. Qa3 Kf2 78. Ke4 Kg2 79. Kf4 Kg1 80. Qa2
Kf1 81. Kf3 Ke1 82. Qe2# {Black checkmated} 1-0